cohdb
Replays
Latest Replays
All Replays
Popular Replays
Top Player Replays
Match Explorer
How It Works
Community
CoH3 Stats
Reddit
Sign in to upload your games and track your stats! →
Sign in with Steam
2 vs 2 Stroke match
Match 13980961
Overview
Messages
Build Orders
End
Kettenkrad Recon Vehicle
Construct Infanterie Kompanie
MG 42 Machine Gun Team
MG 42 Machine Gun Team
Grenadier Squad
Construct Panzergrenadier Kompanie
Panzergrenadier Squad
Medical Station
Panzergrenadier Squad
Support Elements
Selects Mechanized Battlegroup
Selects Raid Package
Selects 8 Rad Armored Car
StuG III G Assault Gun
Panzergrenadier Officer Quarters
8 Rad Armored Car
Nebelwerfer 42 Rocket Launcher Team
Pioneer Squad
Pioneer Squad
Nebelwerfer 42 Rocket Launcher Team
Selects Panther Heavy Tank
Panther Heavy Tank
Selects Spotting Scopes
Panther Heavy Tank
Selects Mechanized Assault
Selects Wespe Self-propelled Artillery
Wespe Self-propelled Artillery
Mechanized Assault
Mechanized Assault
Mechanized Assault
Pak 40 Anti-tank Gun Team
Mechanized Assault
Mechanized Assault
Panther Heavy Tank
Mechanized Assault
MG 42 Machine Gun Team
MG 42 Machine Gun Team
InSaNiedi
Rhaegar
VonManteuffel
Heartless Jäger
0
0
Comments
sign in to comment!
Heartless Jäger [U]
almost 2 years ago
Mentally Challanged